Map: Abyssal Reef LE

Players

Serral - Winner!

  • Race: Zerg Zerg
  • Spawn Location: 11:00

Arctur

  • Race: Terran Terran
  • Spawn Location: 5:00

Event: WCS Valencia 2017

VOD

Have the link to the VOD?

Description

Time

  • Played on: July 13, 2017, 12:31 p.m.
  • Length: 13:34

All games in this series

Show
View Real Time Build Order
Export as new Build Order

Serral Zerg - Winner!

Build Orders: Pool First 

Get SALT Encoding   

  12  0:01  Drone  
  13  0:14  Overlord  
  13  0:17  Drone  
  14  0:32  Drone  
  14  0:33  Drone  
  16  0:36  Drone  
  17  0:46  Drone  
  17  0:47  Extractor  
  17  0:51  Spawning Pool  
  16  0:57  Drone  
  17  1:08  Drone  
  18  1:20  Hatchery  
  18  1:23  Drone  
  18  1:37  Queen  
  18  1:38  Zergling x2  
  21  1:46  Metabolic Boost  
  21  1:53  Overlord  
  21  1:58  Drone  
  22  2:12  Drone  
  22  2:13  Queen, Drone  
  26  2:29  Zergling x2  
  27  2:31  Queen  
  27  2:32  Zergling x2  
  30  2:38  Spore Crawler  
  30  2:42  Zergling x4  
  30  2:47  Spore Crawler  
  31  2:51  Queen  
  31  2:54  Zergling x4  
  35  2:58  Overlord  
  34  3:12  Zergling x2  
  35  3:20  Hatchery  
  35  3:25  Zergling x4  
  36  3:31  Overlord  
  36  3:35  Zergling x2  
  36  3:36  Drone  
  38  3:42  Evolution Chamber  
  38  3:43  Drone  
  38  3:48  Drone  
  39  3:50  Drone  
  39  3:53  Drone  
  41  3:58  Drone  
  41  3:59  Drone  
  41  4:02  Drone  
  44  4:06  Drone  
  44  4:09  Drone  
  46  4:11  Drone  
  47  4:17  Zerg Ground Armor Level 1  
  47  4:23  Drone, Overlord  
  48  4:26  Drone  
  49  4:31  Overlord  
  49  4:36  Drone  
  50  4:41  Overlord  
  50  4:42  Zergling x4  
  50  4:44  Drone x2  
  54  4:50  Drone x2  
  56  4:52  Drone  
  56  4:54  Queen  
  57  5:00  Queen  
  57  5:02  Drone  
  57  5:03  Drone  
  57  5:06  Extractor  
  58  5:09  Baneling Nest  
  58  5:10  Drone  
  58  5:11  Drone  
  58  5:12  Drone  
  60  5:16  Drone x2  
  62  5:21  Overlord  
  62  5:22  Drone  
  62  5:23  Drone  
  62  5:24  Drone  
  62  5:25  Drone  
  66  5:30  Lair  
  66  5:34  Drone x2  
  69  5:35  Drone  
  69  5:40  Zergling x2  
  69  5:41  Extractor, Zergling x4  
  71  5:47  Overlord  
  71  5:50  Zergling x6  
  71  5:51  Drone x2  
  71  5:53  Drone x2  
  78  6:01  Drone x3  
  78  6:02  Overlord  
  81  6:05  Baneling  
  81  6:06  Baneling x4  
  81  6:09  Extractor, Drone x3  
  83  6:11  Overlord  
  83  6:12  Drone  
  84  6:20  Evolution Chamber, Drone x4  
  84  6:23  Baneling  
  84  6:24  Baneling x3  
  86  6:28  Zergling x8  
  86  6:30  Centrifical Hooks  
  90  6:40  Baneling  
  90  6:41  Overlord  
  83  6:48  Zergling x2  
  83  6:49  Zergling x18  
  83  6:53  Drone  
  92  6:55  Extractor  
  92  6:56  Zerg Melee Weapons Level 1  
  92  6:57  Zergling x2  
  92  6:58  Zergling x2  
  93  7:03  Zerg Ground Armor Level 2  
  92  7:11  Hatchery  
  92  7:12  Zergling x14  
  92  7:15  Drone x3  
  99  7:17  Extractor, Drone  
  99  7:20  Drone  
  99  7:21  Drone  
  101  7:25  Drone x2  
  103  7:31  Hydralisk Den  
  103  7:33  Baneling x3  
  99  7:38  Zergling x10  
  99  7:39  Zergling x2  
  105  7:44  Baneling x4  
  105  7:45  Zergling x2, Overlord  
  106  7:56  Overlord  
  106  8:03  Hydralisk x4, Muscular Augments  
  111  8:07  Drone x3  
  111  8:08  Drone x2  
  111  8:11  Drone x2  
  111  8:12  Hydralisk  
  111  8:22  Hydralisk x5  
  111  8:26  Queen  
  123  8:30  Zergling x10  
  123  8:33  Overlord  
  128  8:35  Overlord x2  
  128  8:38  Overlord  
  128  8:39  Overlord  
  128  8:42  Overlord x2  
  128  8:47  Pneumatized Carapace  
  128  8:51  Baneling x2  
  128  8:52  Infestation Pit, Baneling x5  
  128  8:53  Overseer  
  128  8:54  Zergling x8  
  131  9:02  Zergling x4  
  130  9:03  Zergling x10  
  130  9:06  Drone x2  
  135  9:12  Drone  
  135  9:13  Hydralisk x2  
  135  9:14  Hydralisk, Baneling x2, Zergling x4  
  135  9:15  Zergling x2  
  145  9:20  Zerg Melee Weapons Level 2  
  140  9:25  Zergling x2  
  140  9:26  Zergling x12  
  146  9:32  Hive  
  146  9:37  Zergling x8  
  141  9:40  Hatchery  
  140  9:49  Zergling x20  
  140  9:50  Overseer  
  150  9:59  Drone x4  
  154  10:00  Overlord x2  
  154  10:01  Baneling  
  154  10:02  Baneling x7  
  154  10:03  Baneling  
  154  10:08  Zerg Missile Weapons Level 1  
  154  10:10  Zergling x8  
  154  10:11  Zergling x4  
  155  10:25  Zergling x6  
  155  10:26  Zergling x14  
  165  10:36  Overlord  
  165  10:39  Zergling x2  
  165  10:40  Zergling x20  
  173  10:46  Adrenal Glands  
  173  10:49  Ultralisk Cavern  
  171  10:50  Hydralisk  
  171  10:51  Zergling x4  
  171  10:52  Zergling x4  
  171  10:56  Queen  
  179  11:06  Baneling x13  
  173  11:13  Zergling x2  
  173  11:14  Zergling x20  
  173  11:18  Zergling x2  
  160  11:19  Zergling x10  
  160  11:22  Baneling x4  
  160  11:23  Baneling x2  
  164  11:35  Chitinous Plating  
  164  11:45  Viper x2  
  164  11:46  Viper  
  154  11:49  Viper  
  154  11:51  Queen x2  
  154  11:53  Zergling x22  
  154  11:54  Zergling x6  
  170  11:57  Spore Crawler  
  170  11:59  Extractor x2  
  170  12:00  Drone x3  
  170  12:01  Drone  
  170  12:03  Drone  
  172  12:16  Ultralisk  
  169  12:28  Ultralisk  
  169  12:29  Ultralisk  
  179  12:38  Drone x5  
  179  12:40  Baneling x7  
  183  12:47  Drone x3  
  183  12:48  Drone  
Show
View Real Time Build Order
Export as new Build Order

Arctur Terran 

Build Orders: MMM Bio 

Get SALT Encoding   

  12  0:00  SCV  
  13  0:13  SCV  
  14  0:17  Supply Depot  
  14  0:25  SCV  
  15  0:39  SCV, Barracks  
  16  0:45  Refinery  
  16  0:51  SCV  
  17  1:01  Barracks  
  17  1:05  SCV  
  18  1:17  SCV  
  19  1:27  Reaper  
  19  1:30  Orbital Command  
  20  1:38  Barracks  
  20  1:44  Refinery  
  20  1:49  Reaper  
  21  1:57  Supply Depot  
  21  2:04  SCV  
  21  2:06  Reaper  
  23  2:19  SCV  
  23  2:20  Supply Depot  
  23  2:21  Reaper  
  25  2:30  Reaper  
  25  2:31  SCV  
  27  2:43  SCV  
  28  2:47  Reaper  
  29  2:57  Command Center  
  29  2:58  Reaper  
  30  3:08  SCV  
  30  3:10  Barracks Reactor  
  31  3:19  Barracks Reactor  
  31  3:20  SCV  
  32  3:32  SCV  
  31  3:43  Barracks Tech Lab  
  31  3:44  SCV  
  31  3:46  Factory  
  32  3:52  Marine x2  
  34  3:56  SCV, Engineering Bay  
  34  3:57  Marine  
  34  3:58  Marine  
  34  4:02  Stimpack, Marine  
  38  4:10  Marine x2  
  38  4:12  Orbital Command  
  38  4:14  SCV  
  41  4:18  Marine x2  
  41  4:20  Marine  
  44  4:26  SCV  
  44  4:27  Marine  
  44  4:29  Marine  
  47  4:37  Terran Infantry Weapons Level 1  
  47  4:38  SCV  
  47  4:40  SCV  
  47  4:45  Starport  
  49  4:47  Factory Reactor  
  49  4:50  Marine x2  
  49  4:51  SCV  
  53  4:55  Marine  
  53  4:59  Marine  
  54  5:03  Supply Depot  
  54  5:04  SCV x2  
  54  5:05  Supply Depot  
  54  5:06  Marine  
  52  5:08  Marine  
  52  5:09  Marine  
  54  5:23  Supply Depot  
  54  5:24  Marine x3  
  54  5:25  SCV x2  
  54  5:27  Supply Depot  
  59  5:30  Factory Reactor  
  59  5:31  Medivac x2  
  59  5:34  Marine  
  64  5:37  SCV x2  
  66  5:47  Marine x2  
  66  5:48  Marine  
  66  5:49  SCV x2  
  71  5:54  Marine x2, Supply Depot  
  73  6:02  Combat Shields  
  73  6:06  Command Center  
  73  6:11  Marine x2  
  73  6:12  Marine  
  73  6:13  Marine  
  73  6:17  Marine, Supply Depot  
  78  6:24  Medivac x2  
  82  6:29  Marine x2  
  84  6:35  SCV x2  
  84  6:39  Barracks  
  86  6:40  Marine, Barracks  
  86  6:41  Marine x2  
  89  6:47  Marine  
  89  6:51  Marine  
  89  6:52  Widow Mine  
  82  6:54  Medivac x2  
  82  6:55  SCV x2  
  82  6:56  Refinery  
  82  6:58  Marine x2  
  82  7:01  Marine  
  90  7:02  Widow Mine  
  90  7:05  Marine  
  94  7:15  SCV x2  
  94  7:18  Refinery  
  94  7:21  Widow Mine  
  97  7:24  Terran Infantry Armor Level 1  
  97  7:25  Orbital Command  
  97  7:27  SCV  
  97  7:29  Marine x3, Supply Depot  
  101  7:30  Barracks Reactor  
  101  7:32  SCV  
  101  7:34  Barracks Reactor  
  102  7:39  SCV  
  102  7:40  Marine  
  103  7:44  SCV  
  103  7:46  Marine  
  103  7:47  Widow Mine  
  103  7:50  Widow Mine  
  109  7:52  SCV, Marine x2  
  109  7:53  Marine  
  109  7:54  Factory  
  109  7:55  SCV  
  109  7:56  SCV  
  109  7:57  Supply Depot  
  115  8:01  Marine  
  115  8:04  Marine  
  117  8:10  Marine  
  117  8:11  Marine x6  
  109  8:14  SCV  
  109  8:15  SCV  
  109  8:19  Marine  
  112  8:21  Medivac x2  
  112  8:24  SCV  
  112  8:25  Marine, Supply Depot  
  112  8:27  SCV  
  113  8:28  Marine x2  
  113  8:29  Marine x3  
  113  8:33  SCV  
  115  8:35  Factory Tech Lab, Refinery  
  115  8:36  SCV  
  115  8:37  Armory  
  115  8:39  Engineering Bay  
  116  8:44  Marine x3  
  119  8:50  Factory Tech Lab  
  119  8:51  Marine x6  
  119  8:54  SCV  
  119  8:55  SCV  
  127  8:56  SCV  
  127  9:02  Marine x3  
  123  9:07  Siege Tank  
  123  9:08  Marine  
  123  9:09  Siege Tank, Marine x3  
  128  9:14  Refinery  
  118  9:31  Liberator, Command Center  
  118  9:32  Liberator  
  118  9:37  Marine x7  
  115  9:39  Siege Tank  
  115  9:41  Siege Tank  
  127  9:52  Terran Infantry Weapons Level 2  
  127  9:55  Marine  
  127  9:56  Marine x2  
  130  10:03  Marine x5  
  130  10:04  Terran Infantry Armor Level 2  
  135  10:11  Siege Tank, Terran Vehicle Weapons Level 1  
  135  10:12  Marine  
  135  10:13  Marine  
  135  10:14  Marine  
  141  10:15  Marine  
  141  10:19  Supply Depot x2  
  141  10:27  Marine x4  
  141  10:28  Siege Tank  
  148  10:31  Liberator x2  
  148  10:38  Marine  
  148  10:40  Marine x4  
  152  10:43  Siege Tank  
  152  10:49  Marine x4  
  164  10:56  Marine  
  159  10:57  SCV  
  159  10:58  SCV x2  
  159  10:59  Marine  
  159  11:00  Marine x3, Supply Depot x2  
  166  11:05  Siege Tank  
  150  11:18  SCV  
  150  11:19  SCV  
  150  11:20  Liberator  
  150  11:23  Siege Tank  
  150  11:24  Marine  
  150  11:25  Marine x5  
  156  11:36  Marine x3  
  156  11:37  Siege Tank  
  133  11:50  Marine  
  133  11:52  Marine x4  
  133  11:53  Marine  
  133  11:54  Marine x3  
  127  11:55  Siege Tank  
  132  12:08  Marine  
  133  12:09  Siege Tank  
  133  12:10  Marine x5  
  133  12:11  Marine  
  133  12:12  Liberator x2  
  142  12:23  Marine  
  142  12:24  Marine  
  142  12:25  Marine  
  142  12:28  Marine  
  142  12:29  Siege Tank  
  155  12:40  Orbital Command  
  155  12:41  Marine  
  150  12:50  Siege Tank, Marine x8  
  160  12:58  Marine  
  161  13:08  Marine x2  
  163  13:15  SCV  
  163  13:16  SCV  
Tags
 
Add a new tag
Caveats
  • Supply blocks, unpowered buildings, or Contaminate may cause inaccurate times.
  • Supply counts are checked every 10 seconds.